3L
KINGSTON TOWNSHIP KNIGHTS @ TOLEDO STINGERS
06/24/2038
 
TOP OF THE 1ST
Kingston Township Knights batting - Pitching for Toledo Stingers : RHP Tupac Blanch
Pitching: RHP Tupac Blanch
Batting: RHB Ron Bernard 0-0: Ball
1-0: Ball
2-0: Ball
3-0: Base on Balls
Batting: RHB Khal Drogo 0-0: Ball
1-0: Ball
2-0: Ball
3-0: Foul Ball, location: 2F
3-1: Base on Balls
Ron Bernard to second
Batting: LHB Ed Mellor 0-0: Ball
1-0: Foul Ball, location: 2F
1-1: Fly out, F5 (Popup, 56S, EV 73.1 MPH)
Batting: RHB Holden Ford 0-0: Ball
1-0: Foul Ball, location: 2F
1-1: Ball
2-1: SINGLE (Groundball, 6MD, EV 105.0 MPH)
Ron Bernard to third
Khal Drogo to second
Runner from 3rd tries for Home, throw by CF and OUT! 8-2
Now in CF: Heherson Inaris
Batting: RHB Takenao Wakabayashi 0-0: Ball
1-0: Called Strike
1-1: Swinging Strike
1-2: Strikes out swinging
Top of the 1st over - 0 runs, 1 hit, 0 errors, 2 left on base; Kingston Township 0 - Toledo 0
BOTTOM OF THE 1ST
Toledo Stingers batting - Pitching for Kingston Township Knights : LHP Pete Rhue
Pitching: LHP Pete Rhue
Batting: LHB Larry Moore 0-0: Called Strike
0-1: Swinging Strike
0-2: Ball
1-2: Ball
2-2: Foul Ball, location: 2F
2-2: Foul Ball, location: 2F
2-2: Ball
3-2: Strikes out swinging
Batting: RHB Alfredo Martínez 0-0: Ball
1-0: Ball
2-0: DOUBLE (Line Drive, 7LS, EV 94.4 MPH)
Batting: LHB Pedro Serano 0-0: Ball
1-0: Ball
2-0: Called Strike
2-1: Foul Ball, location: 2F
2-2: Ball
3-2: Foul Ball, location: 2F
3-2: Foul Ball, location: 2F
3-2: Fly out, F8 (Line Drive, 8RD, EV 91.2 MPH)
Batting: LHB Dan Hines 0-0: Ball
1-0: Foul Ball, location: 2F
1-1: Ball
2-1: Swinging Strike
2-2: Strikes out swinging
Bottom of the 1st over - 0 runs, 1 hit, 0 errors, 1 left on base; Kingston Township 0 - Toledo 0
TOP OF THE 2ND
Kingston Township Knights batting - Pitching for Toledo Stingers : RHP Tupac Blanch
Batting: RHB Seong-ho Chong 0-0: Ball
1-0: Called Strike
1-1: Ball
2-1: Foul Ball, location: 2F
2-2: Ball
3-2: Strikes out swinging
Batting: RHB Alfredo Cardenas 0-0: Ball
1-0: Ball
2-0: Called Strike
2-1: Foul Ball, location: 2F
2-2: Foul Ball, location: 2F
2-2: Fly out, F8 (Flyball, 89XD, EV 95.0 MPH)
Batting: RHB Daniel Maldonado 0-0: Called Strike
0-1: Foul Ball, location: 2F
0-2: Ball
1-2: Fly out, F8 (Line Drive, 8RM, EV 88.1 MPH)
Top of the 2nd over - 0 runs, 0 hits, 0 errors, 0 left on base; Kingston Township 0 - Toledo 0
BOTTOM OF THE 2ND
Toledo Stingers batting - Pitching for Kingston Township Knights : LHP Pete Rhue
Batting: LHB Louie Shufflebotham 0-0: Called Strike
0-1: Ball
1-1: Ball
2-1: Swinging Strike
2-2: SINGLE (Flyball, 89S, EV 96.2 MPH)
Batting: RHB Heherson Inaris 0-0: Called Strike
0-1: Grounds into double play, 5-4-3 (Groundball, 56, EV 87.5 MPH)
Batting: RHB Álex Maroto 0-0: Called Strike
0-1: Ball
1-1: Ground out 5-3 (Groundball, 56, EV 80.0 MPH)
Bottom of the 2nd over - 0 runs, 1 hit, 0 errors, 0 left on base; Kingston Township 0 - Toledo 0
TOP OF THE 3RD
Kingston Township Knights batting - Pitching for Toledo Stingers : RHP Tupac Blanch
Batting: RHB Glenn Curtis 0-0: Called Strike
0-1: Ball
1-1: Ball
2-1: Ball
3-1: SINGLE (Line Drive, 4MD, EV 98.8 MPH)
Batting: RHB Ron Bernard 0-0: Called Strike
0-1: Ball
1-1: Ball
2-1: Ball
3-1: SINGLE (Groundball, 6MD, EV 111.2 MPH)
Glenn Curtis to second
Runner from 2nd tries for 3rd, OUT! 8-5
Batting: RHB Khal Drogo 0-0: Ball
1-0: Foul Ball, location: 2F
1-1: Called Strike
1-2: Ball
2-2: Strikes out swinging
Batting: LHB Ed Mellor 0-0: Ball
1-0: Foul Ball, location: 2F
1-1: Ball
2-1: Swinging Strike
2-2: Foul Ball, location: 2F
2-2: Ball
3-2: Foul Ball, location: 2F
3-2: Base on Balls
Ron Bernard to second
Batting: RHB Holden Ford 0-0: Foul Ball, location: 2F
0-1: Swinging Strike
0-2: Ball
1-2: Strikes out swinging
Top of the 3rd over - 0 runs, 2 hits, 0 errors, 2 left on base; Kingston Township 0 - Toledo 0
BOTTOM OF THE 3RD
Toledo Stingers batting - Pitching for Kingston Township Knights : LHP Pete Rhue
Batting: RHB Roy Bowman 0-0: Called Strike
0-1: Ball
1-1: Fly out, F8 (Line Drive, 8LD, EV 88.1 MPH)
Batting: RHB Manny Bendixen 0-0: Fly out, F5 (Line Drive, 5, EV 71.9 MPH)
Batting: LHB Larry Moore 0-0: Ball
1-0: Ball
2-0: Swinging Strike
2-1: Foul Ball, location: 2F
2-2: Strikes out swinging
Bottom of the 3rd over - 0 runs, 0 hits, 0 errors, 0 left on base; Kingston Township 0 - Toledo 0
TOP OF THE 4TH
Kingston Township Knights batting - Pitching for Toledo Stingers : RHP Tupac Blanch
Batting: RHB Takenao Wakabayashi 0-0: Swinging Strike
0-1: Foul Ball, location: 2F
0-2: Ball
1-2: Fly out, F8 (Flyball, 8RS, EV 91.9 MPH)
Batting: RHB Seong-ho Chong 0-0: Called Strike
0-1: Ball
1-1: Fly out, F8 (Flyball, 8LS, EV 86.9 MPH)
Batting: RHB Alfredo Cardenas 0-0: Foul Ball, location: 2F
0-1: Ball
1-1: Ball
2-1: Called Strike
2-2: Fly out, F9 (Line Drive, 9, EV 105.6 MPH)
Top of the 4th over - 0 runs, 0 hits, 0 errors, 0 left on base; Kingston Township 0 - Toledo 0
BOTTOM OF THE 4TH
Toledo Stingers batting - Pitching for Kingston Township Knights : LHP Pete Rhue
Batting: RHB Alfredo Martínez 0-0: Foul Ball, location: 2F
0-1: Swinging Strike
0-2: Foul Ball, location: 2F
0-2: Foul Ball, location: 2F
0-2: Foul Ball, location: 2F
0-2: Ball
1-2: Fly out, F8 (Flyball, 8LM, EV 91.2 MPH)
Batting: LHB Pedro Serano 0-0: Foul Ball, location: 2F
0-1: Ball
1-1: Foul Ball, location: 2F
1-2: Strikes out swinging, 2-3 out at first.
Batting: LHB Dan Hines 0-0: Ball
1-0: Foul Ball, location: 2F
1-1: SINGLE (Line Drive, 3L, EV 111.2 MPH)
Batting: LHB Louie Shufflebotham 0-0: Called Strike
0-1: SINGLE (Line Drive, 78M, EV 103.8 MPH)
Dan Hines to second
Batting: RHB Heherson Inaris 0-0: Ball
1-0: Fielders Choice at 2nd, 6-4 (Groundball, 6, EV 108.8 MPH)
Bottom of the 4th over - 0 runs, 2 hits, 0 errors, 2 left on base; Kingston Township 0 - Toledo 0
TOP OF THE 5TH
Kingston Township Knights batting - Pitching for Toledo Stingers : RHP Tupac Blanch
Batting: RHB Daniel Maldonado 0-0: Ball
1-0: Ball
2-0: Ball
3-0: Called Strike
3-1: Called Strike
3-2: Base on Balls
Batting: RHB Glenn Curtis 0-0: Bunted foul
0-1: Bunted foul
0-2: Foul Ball, location: 2F
0-2: Foul Ball, location: 2F
0-2: Foul Ball, location: 2F
0-2: Ball
1-2: Ball
2-2: Ball
3-2: SINGLE (Flyball, 78M, EV 91.2 MPH)
Daniel Maldonado to second
Batting: RHB Ron Bernard 0-0: Ball
1-0: Called Strike
1-1: Ball
2-1: Called Strike
2-2: Foul Ball, location: 2F
2-2: Strikes out swinging
Batting: RHB Khal Drogo 0-0: Ball
1-0: Foul Ball, location: 2F
1-1: Fielders Choice at 2nd, 6-4 (Groundball, 6, EV 85.6 MPH)
Daniel Maldonado to third
Batting: LHB Ed Mellor 0-0: Called Strike
0-1: Ball
1-1: Ball
2-1: Foul Ball, location: 2F
2-2: Foul Ball, location: 2F
2-2: SINGLE (Groundball, 5D, EV 104.4 MPH)
Daniel Maldonado scores
Khal Drogo to second
Runner from 2nd tries for 3rd, OUT! 7-5
Top of the 5th over - 1 run, 2 hits, 0 errors, 1 left on base; Kingston Township 1 - Toledo 0
BOTTOM OF THE 5TH
Toledo Stingers batting - Pitching for Kingston Township Knights : LHP Pete Rhue
Batting: RHB Álex Maroto 0-0: Ball
1-0: Called Strike
1-1: Called Strike
1-2: Ground out 6-3 (Groundball, 6MS, EV 74.4 MPH)
Batting: RHB Roy Bowman 0-0: Foul Ball, location: 2F
0-1: Swinging Strike
0-2: Foul Ball, location: 2F
0-2: SINGLE (Groundball, 6MD, EV 93.8 MPH)
Batting: RHB Manny Bendixen 0-0: SINGLE (Line Drive, 5L, EV 99.4 MPH)
Roy Bowman to second
Batting: LHB Larry Moore 0-0: Ball
1-0: Called Strike
1-1: Ball
2-1: Called Strike
2-2: Fly out, F9 (Flyball, 9, EV 86.9 MPH)
Batting: RHB Alfredo Martínez 0-0: Swinging Strike
0-1: Ball
1-1: Foul Ball, location: 2F
1-2: Ball
2-2: Strikes out swinging
Bottom of the 5th over - 0 runs, 2 hits, 0 errors, 2 left on base; Kingston Township 1 - Toledo 0
TOP OF THE 6TH
Kingston Township Knights batting - Pitching for Toledo Stingers : RHP Tupac Blanch
Batting: RHB Holden Ford 0-0: Called Strike
0-1: Ball
1-1: Ball
2-1: Foul Ball, location: 2F
2-2: Strikes out swinging
Pitching: RHP Shawn Stevenson
Batting: RHB Takenao Wakabayashi 0-0: Ball
1-0: Called Strike
1-1: Foul Ball, location: 2F
1-2: Foul Ball, location: 2F
1-2: Strikes out swinging
Batting: RHB Seong-ho Chong 0-0: Ball
1-0: Ball
2-0: Swinging Strike
2-1: SINGLE (Groundball, 6MD, EV 100.6 MPH)
Batting: RHB Alfredo Cardenas 0-0: Called Strike
0-1: Called Strike
0-2: Ground out 5-3 (Groundball, 56S, EV 83.1 MPH)
Top of the 6th over - 0 runs, 1 hit, 0 errors, 1 left on base; Kingston Township 1 - Toledo 0
BOTTOM OF THE 6TH
Toledo Stingers batting - Pitching for Kingston Township Knights : LHP Pete Rhue
Batting: LHB Pedro Serano 0-0: Called Strike
0-1: SOLO HOME RUN (Flyball, 9D, EV 89.4 MPH), Distance : 373 ft
Batting: LHB Dan Hines 0-0: Called Strike
0-1: Called Strike
0-2: Strikes out swinging
Batting: LHB Louie Shufflebotham 0-0: Foul Ball, location: 2F
0-1: Ball
1-1: Swinging Strike
1-2: Strikes out swinging
Batting: RHB Heherson Inaris 0-0: Ball
1-0: Called Strike
1-1: Foul Ball, location: 2F
1-2: Fly out, F9 (Flyball, 89M, EV 86.2 MPH)
Bottom of the 6th over - 1 run, 1 hit, 0 errors, 0 left on base; Kingston Township 1 - Toledo 1
TOP OF THE 7TH
Kingston Township Knights batting - Pitching for Toledo Stingers : RHP Shawn Stevenson
Batting: RHB Daniel Maldonado 0-0: Ball
1-0: Foul Ball, location: 2F
1-1: Swinging Strike
1-2: Ball
2-2: Strikes out swinging
Batting: RHB Glenn Curtis 0-0: Ball
1-0: Swinging Strike
1-1: Ball
2-1: Ball
3-1: Called Strike
3-2: Strikes out swinging
Batting: RHB Ron Bernard 0-0: Ball
1-0: Called Strike
1-1: Swinging Strike
1-2: Ball
2-2: Strikes out swinging
Top of the 7th over - 0 runs, 0 hits, 0 errors, 0 left on base; Kingston Township 1 - Toledo 1
BOTTOM OF THE 7TH
Toledo Stingers batting - Pitching for Kingston Township Knights : LHP Pete Rhue
Batting: RHB Álex Maroto 0-0: Ball
1-0: Foul Ball, location: 2F
1-1: SINGLE (Groundball, 34D, EV 98.1 MPH)
Pitching: RHP Erick Indiano
Batting: RHB Roy Bowman 0-0: Swinging Strike
0-1: Ground out 5-3 (Groundball, 56S, EV 85.6 MPH)
Álex Maroto to second
Batting: RHB Manny Bendixen 0-0: Foul Ball, location: 2F
0-1: Ball
1-1: Swinging Strike
1-2: Foul Ball, location: 2F
1-2: Foul Ball, location: 2F
1-2: Strikes out looking
Batting: LHB Larry Moore 0-0: Ball
1-0: Ball
2-0: Foul Ball, location: 2F
2-1: Foul Ball, location: 2F
2-2: Ground out U3 (Groundball, 3L, EV 78.8 MPH)
Bottom of the 7th over - 0 runs, 1 hit, 0 errors, 1 left on base; Kingston Township 1 - Toledo 1
TOP OF THE 8TH
Kingston Township Knights batting - Pitching for Toledo Stingers : RHP Shawn Stevenson
Batting: RHB Khal Drogo 0-0: Ball
1-0: Called Strike
1-1: Fly out, F7 (Flyball, 7S, EV 74.4 MPH)
Batting: LHB Ed Mellor 0-0: Ground out 1-3 (Groundball, P, EV 66.2 MPH)
Batting: RHB Holden Ford 0-0: Ball
1-0: Ground out 4-3 (Groundball, 4, EV 91.2 MPH)
Top of the 8th over - 0 runs, 0 hits, 0 errors, 0 left on base; Kingston Township 1 - Toledo 1
BOTTOM OF THE 8TH
Toledo Stingers batting - Pitching for Kingston Township Knights : RHP Erick Indiano
Batting: RHB Alfredo Martínez 0-0: Swinging Strike
0-1: Swinging Strike
0-2: Ball
1-2: Ball
2-2: Strikes out swinging
Batting: LHB Pedro Serano 0-0: Ball
1-0: Ground out 6-3 (Groundball, 6M, EV 88.1 MPH)
Batting: LHB Dan Hines 0-0: Ball
1-0: Ball
2-0: Called Strike
2-1: Foul Ball, location: 2F
2-2: Ball
3-2: Strikes out swinging
Bottom of the 8th over - 0 runs, 0 hits, 0 errors, 0 left on base; Kingston Township 1 - Toledo 1
TOP OF THE 9TH
Kingston Township Knights batting - Pitching for Toledo Stingers : RHP Shawn Stevenson
Batting: RHB Takenao Wakabayashi 0-0: Called Strike
0-1: Ground out 1-3 (Groundball, 13, EV 85.0 MPH)
Batting: RHB Seong-ho Chong 0-0: Ball
1-0: Ball
2-0: Ball
3-0: Base on Balls
Pitching: RHP Austin Aries
Batting: RHB Alfredo Cardenas 0-0: Foul Ball, location: 2F
0-1: Ball
1-1: Fly out, F8 (Flyball, 8RD, EV 91.2 MPH)
Batting: RHB Daniel Maldonado 0-0: Called Strike
0-1: Foul Ball, location: 2F
0-2: Ball
1-2: Foul Ball, location: 2F
1-2: Ball
2-2: Fielders Choice at 2nd, 5-4 (Groundball, 56, EV 82.5 MPH)
Top of the 9th over - 0 runs, 0 hits, 0 errors, 1 left on base; Kingston Township 1 - Toledo 1
BOTTOM OF THE 9TH
Toledo Stingers batting - Pitching for Kingston Township Knights : RHP Erick Indiano
Pitching: RHP John Riggleman
Batting: LHB Louie Shufflebotham 0-0: Called Strike
0-1: Ball
1-1: Foul Ball, location: 2F
1-2: Strikes out swinging
Pinch Hitting: LHB Chet Clifton 0-0: Foul Ball, location: 2F
0-1: Ball
1-1: Ball
2-1: Swinging Strike
2-2: Ball
3-2: Foul Ball, location: 2F
3-2: Ground out 5-3 (Groundball, 56, EV 88.8 MPH)
Pinch Hitting: LHB Francisco Alfaro 0-0: Swinging Strike
0-1: Ball
1-1: Foul Ball, location: 2F
1-2: Strikes out swinging
Bottom of the 9th over - 0 runs, 0 hits, 0 errors, 0 left on base; Kingston Township 1 - Toledo 1
TOP OF THE 10TH
Kingston Township Knights batting - Pitching for Toledo Stingers : RHP Austin Aries
Now at SS: Francisco Alfaro
Now in CF: Chet Clifton
Batting: RHB Glenn Curtis 0-0: Ball
1-0: Ground out 1-3 (Groundball, 23, EV 72.5 MPH)
Batting: RHB Ron Bernard 0-0: Called Strike
0-1: Ground out 4-3 (Groundball, 34, EV 84.4 MPH)
Batting: RHB Khal Drogo 0-0: Foul Ball, location: 2F
0-1: Called Strike
0-2: Ball
1-2: Foul Ball, location: 2F
1-2: Ground out 4-3 (Groundball, 4, EV 84.4 MPH)
Top of the 10th over - 0 runs, 0 hits, 0 errors, 0 left on base; Kingston Township 1 - Toledo 1
BOTTOM OF THE 10TH
Toledo Stingers batting - Pitching for Kingston Township Knights : RHP John Riggleman
Batting: RHB Roy Bowman 0-0: Called Strike
0-1: Ground out 6-3 (Groundball, 6, EV 86.2 MPH)
Batting: RHB Manny Bendixen 0-0: Called Strike
0-1: Ground out 5-3 (Groundball, 5L, EV 103.1 MPH)
Batting: LHB Larry Moore 0-0: Reached on error, E4 (Groundball, 4, EV 105.0 MPH)
Batting: RHB Alfredo Martínez 0-0: Ball
1-0: Called Strike
1-1: Ball
2-1: Ball
3-1: Foul Ball, location: 2F
3-2: SINGLE (Groundball, 34, EV 81.9 MPH) (infield hit)
Larry Moore to third
Pitching: RHP Morris Prinkey
Batting: LHB Pedro Serano 0-0: Ball
1-0: Called Strike
1-1: Foul Ball, location: 2F
1-2: Ball
2-2: Foul Ball, location: 2F
2-2: Ball
3-2: Foul Ball, location: 2F
3-2: Ground out U3 (Groundball, 3, EV 88.1 MPH)
Bottom of the 10th over - 0 runs, 1 hit, 1 error, 2 left on base; Kingston Township 1 - Toledo 1
TOP OF THE 11TH
Kingston Township Knights batting - Pitching for Toledo Stingers : RHP Austin Aries
Batting: LHB Ed Mellor 0-0: Foul Ball, location: 2F
0-1: Ball
1-1: SINGLE (Groundball, 4MD, EV 103.1 MPH)
Batting: RHB Holden Ford 0-0: Foul Ball, location: 2F
0-1: Called Strike
0-2: Ball
1-2: Ball
2-2: Foul Ball, location: 2F
2-2: SINGLE (Line Drive, 89S, EV 88.1 MPH)
Ed Mellor to second
Runner from 2nd tries for 3rd, SAFE, throw by RF made to third
Pitching: RHP Marcos Oquendo
Batting: RHB Takenao Wakabayashi 0-0: Ball
1-0: SINGLE (Groundball, 5L, EV 102.5 MPH) (infield hit)
Ed Mellor scores
Holden Ford to second
Pinch Runner at 2nd Tony Goodwin:
Batting: RHB Seong-ho Chong 0-0: Ball
1-0: Called Strike
1-1: Fly out, F9 (Flyball, 89XD, EV 81.2 MPH)
Runner from 2nd tags up, SAFE at 3rd, no throw by RF
Batting: RHB Alfredo Cardenas 0-0: Ball
Takenao Wakabayashi steals 2nd base
1-0: Foul Ball, location: 2F
1-1: Swinging Strike
1-2: Ball
2-2: Foul Ball, location: 2F
2-2: Fly out, F7 (Flyball, 7, EV 81.9 MPH)
Runner from 3rd tags up, SCORES, throw by LF
Takenao Wakabayashi to third
Batting: RHB Daniel Maldonado 0-0: Foul Ball, location: 2F
0-1: DOUBLE (Line Drive, 89XD, EV 96.2 MPH)
Takenao Wakabayashi scores
Batting: RHB Glenn Curtis 0-0: Foul Ball, location: 2F
0-1: Foul Ball, location: 2F
0-2: Ball
1-2: Ball
2-2: Strikes out swinging
Top of the 11th over - 3 runs, 4 hits, 0 errors, 1 left on base; Kingston Township 4 - Toledo 1
BOTTOM OF THE 11TH
Toledo Stingers batting - Pitching for Kingston Township Knights : RHP Morris Prinkey
Batting: LHB Dan Hines 0-0: Ball
1-0: Ball
2-0: Called Strike
2-1: Foul Ball, location: 2F
2-2: Fly out, F8 (Line Drive, 8LD, EV 103.8 MPH)
Batting: LHB Louie Shufflebotham 0-0: Swinging Strike
0-1: Ball
1-1: Ball
2-1: Foul Ball, location: 2F
2-2: Foul Ball, location: 2F
2-2: Ball
3-2: Foul Ball, location: 2F
3-2: SINGLE (Line Drive, 89M, EV 100.6 MPH)
Pitching: LHP Ebby Calvin LaLoosh
Batting: LHB Chet Clifton 0-0: Swinging Strike
0-1: Ball
1-1: Grounds into double play, 6-4-3 (Groundball, 6S, EV 83.1 MPH)
Bottom of the 11th over - 0 runs, 1 hit, 0 errors, 0 left on base; Kingston Township 4 - Toledo 1
Friday, April 17th, 2020 - OOTP Baseball 20.8 Build 74